 Dungeon Crawl Stone Soup version 0.31-a0-229-g1fc7ce93e2 (webtiles) character file.

Game seed: 10557459008944008714

274 qw the Shooter (level 6, -5/51 HPs)
             Began as a Minotaur Hexslinger on July 6, 2023.
             Succumbed to a water moccasin's poison
             ... on level 4 of the Dungeon.
             The game lasted 00:01:01 (2962 turns).

qw the Shooter (Minotaur Hexslinger)                Turns: 2962, Time: 00:01:01

Health: -5/51      AC:  5    Str: 13    XL:     6   Next: 3%
Magic:  6/6        EV: 16    Int: 10    God:
Gold:   135        SH:  0    Dex: 14    Spells: 6/7 levels left

rFire   . . .        Y - +1 sling (freeze)
rCold   . . .        (no shield)
rNeg    . . .        f - +0 ring mail
rPois   .            (helmet restricted)
rElec   .            (no cloak)
rCorr   .            (no gloves)
SInv    .            (no boots)
Will    .....        e - amulet of regeneration
Stlth   +            c - +5 ring of evasion
HPRegen 1.08/turn    (no ring)
MPRegen 0.10/turn

%: no passive effects
@: lethally poisoned (-5 -> -23), about to teleport
A: horns 2, retaliatory headbutt
a: no special abilities


You were on level 4 of the Dungeon.
You visited 1 branch of the dungeon, and saw 5 of its levels.

You collected 135 gold pieces.


Innate Abilities, Weirdness & Mutations

You have a pair of horns on your head.
You reflexively headbutt those who attack you in melee.


   Skills:
 + Level 3.1 Fighting
 - Level 6.3 Ranged Weapons
 - Level 1.0 Armour
 - Level 2.1 Dodging
 - Level 1.0 Spellcasting
 - Level 2.0 Hexes


You had 6 spell levels left.
You knew the following spells:

 Your Spells              Type           Power      Damage    Failure   Level
a - Slow                  Hex            16%        N/A       32%         1

Your spell library contained the following spells:

 Spells                   Type           Power      Damage    Failure   Level
 Inner Flame              Hex/Fire       2%         N/A       82%         3
 Portal Projectile        Hex/Tloc       4%         N/A       82%         3
 Cause Fear               Hex            2%         N/A       97%         4

Inventory:

Hand Weapons
 Y - a +1 sling of freezing (weapon)
Armour
 f - a +0 ring mail (worn)
Jewellery
 c - a +5 ring of evasion (left hand)
 e - an amulet of regeneration (around neck)
Scrolls
 a - a scroll of teleportation
 j - a scroll of identify
Potions
 d - a potion of haste
 h - a potion of curing

Dungeon Overview and Level Annotations

Branches:
Dungeon (5/15)
 Temple: D:4-7

Altars:

Annotations:
D:4 1 runed translucent door, Crazy Yiuf, Grinder


Message History

You shoot a sling bullet.
The sling bullet hits the water moccasin.
The sling bullet freezes the water moccasin.
The water moccasin is heavily wounded.
You feel very sick. The water moccasin misses you. Grinder barely misses you.
The water moccasin closely misses you.
You shoot a sling bullet.
The sling bullet hits the water moccasin.
The sling bullet freezes the water moccasin.
The water moccasin is severely wounded.
You feel sick. The water moccasin misses you. Grinder closely misses you.
You furiously retaliate!
You headbutt Grinder. You shoot a sling bullet.
The sling bullet misses the water moccasin.
You feel sick. The water moccasin misses you. Grinder gestures at you.
Pain shoots through your body! The water moccasin barely misses you.
You furiously retaliate!
You headbutt the water moccasin! You shoot a sling bullet.
The sling bullet misses the water moccasin.
You feel sick. The water moccasin bites you!
You are more poisoned.
The water moccasin poisons you! Grinder barely misses you.
The water moccasin bites you.
You are more poisoned.
The water moccasin poisons you! Grinder hits you but does no damage.
2961 ||| READING 2 scrolls of teleportation.
As you read the scroll of teleportation, it crumbles to dust.
You feel strangely unstable.
You feel extremely sick. The water moccasin closely misses you.
You furiously retaliate!
You headbutt the water moccasin!
You kill the water moccasin!
Grinder hits you but does no damage.
Your Ranged Weapons skill increases to level 6!
You have reached level 6!
You shoot a sling bullet.
The sling bullet closely misses Grinder.
You die...

.......###.........#####.#.#
###....# #............##.#.#
..)....# #........###.##.#.#
.......# #######..).%<...#.#
....######################.#
...................|.......#
....##.........<############
.............#...#...#
...............%@#.#.#
.....#.....#.#..5#.#.#
...............#.#.#.#
.......##..#.#.....#.#
.......##..#.#.#####.#
.......##............#
...........#.#########
......######........#
.....## ########.#


You could see Grinder.

Vanquished Creatures
  A water moccasin (D:4)
  A sleepcap (D:4)
  4 gnolls (D:4)
  3 adders
  An ufetubus (D:3)
  2 worms
  6 dart slugs
  4 orcs
  3 endoplasms
  2 giant cockroaches
  7 goblins
  3 hobgoblins
  3 quokkas (D:1)
  2 ball pythons
  6 bats
  A frilled lizard (D:3)
  2 kobolds
  3 rats (D:3)
54 creatures vanquished.

Notes
Turn   | Place    | Note
-------+----------+-------------------------------------------
     0 | D:1      | qw the Minotaur Hexslinger began the quest for the Orb.
     0 | D:1      | Reached XP level 1. HP: 16/16 MP: 1/1
     0 | D:1      | 0 ||| qw: Version: 0.3-a-46-gb1f654a
     0 | D:1      | 0 ||| qw: Game counter: 1173
     0 | D:1      | 0 ||| qw: Melee chars always use a shield: true
     0 | D:1      | 0 ||| qw: God list: Okawaru
     0 | D:1      | 0 ||| qw: Allow faded altars: false
     0 | D:1      | 0 ||| qw: Do Orc after clearing Dungeon:15 true
     0 | D:1      | 0 ||| qw: Do second Lair branch before Depths: true
     0 | D:1      | 0 ||| qw: Lair rune preference: random
     0 | D:1      | 0 ||| qw: Goals: Normal
     0 | D:1      | 0 ||| PLANNING D:1-11
   131 | D:1      | 131 ||| FLEEEEING.
   194 | D:1      | Reached skill level 3 in Ranged Weapons
   211 | D:1      | Reached XP level 2. HP: 23/23 MP: 2/2
   239 | D:1      | 239 ||| FLEEEEING.
   240 | D:1      | 240 ||| FLEEEEING.
   241 | D:1      | 241 ||| FLEEEEING.
   242 | D:1      | 242 ||| FLEEEEING.
   765 | D:1      | 765 ||| UPGRADING to +0 leather armour.
   775 | D:1      | 775 ||| DROPPING +0 robe.
   776 | D:1      | 776 ||| READING 2 scrolls labelled TYTUZXAECO.
   779 | D:1      | 779 ||| READING scroll labelled DIDGHA NAUZAM.
   780 | D:1      | 780 ||| READING scroll labelled VUCORE IPTU.
   781 | D:1      | 781 ||| READING scroll labelled INGAJIAPLINT.
   782 | D:1      | 782 ||| DRINKING 2 inky potions.
   783 | D:1      | 783 ||| DRINKING 2 blue potions.
   784 | D:1      | 784 ||| DROPPING scroll of poison.
   785 | D:1      | 785 ||| DROPPING potion of brilliance.
   844 | D:2      | Reached XP level 3. HP: 29/29 MP: 3/3
  1058 | D:2      | Found a faded altar of an unknown god.
  1065 | D:2      | Identified the +3 whip of the Silent Majority {drain, rElec
                  | Str+6 Int-5 Stlth+}
  1210 | D:2      | Reached skill level 4 in Ranged Weapons
  1336 | D:2      | 1336 ||| UPGRADING to +0 ring mail.
  1346 | D:2      | 1346 ||| DROPPING +0 leather armour.
  1347 | D:2      | 1347 ||| UPGRADING to +5 ring of evasion.
  1348 | D:2      | 1348 ||| READING scroll labelled INOLOOMOSA.
  1399 | D:2      | 1399 ||| READING 2 scrolls labelled OPNOIDA XAMO.
  1400 | D:2      | 1400 ||| READING scroll labelled BEYHONUKIS.
  1401 | D:2      | 1401 ||| READING scroll labelled TIYCKOTAJE.
  1402 | D:2      | 1402 ||| READING 2 scrolls of identify.
  1402 | D:2      | 1402 ||| IDENTIFYING brown potion
  1403 | D:2      | 1403 ||| DROPPING scroll of fog.
  1529 | D:3      | Reached skill level 1 in Armour
  1628 | D:3      | Reached XP level 4. HP: 36/36 MP: 4/4
  2092 | D:3      | 2092 ||| UPGRADING to amulet of regeneration.
  2097 | D:3      | 2097 ||| READING scroll labelled WEIV ONIUNNEE.
  2137 | D:4      | 2137 ||| STAIRDANCE
  2253 | D:4      | Found a runed translucent door.
  2254 | D:4      | Noticed Crazy Yiuf
  2431 | D:4      | Reached skill level 5 in Ranged Weapons
  2497 | D:4      | Reached XP level 5. HP: 42/42 MP: 5/5
  2511 | D:4      | Reached skill level 3 in Fighting
  2890 | D:4      | 2890 ||| READING scroll labelled YNIUKE XORUMI.
  2891 | D:4      | 2891 ||| READING scroll labelled DOAMNI PYTISE.
  2892 | D:4      | 2892 ||| DRINKING 2 dark potions.
  2893 | D:4      | 2893 ||| READING 2 scrolls of identify.
  2893 | D:4      | 2893 ||| IDENTIFYING yellow potion
  2894 | D:4      | 2894 ||| DROPPING potion of attraction.
  2895 | D:4      | 2895 ||| DROPPING potion of lignification.
  2947 | D:5      | Entered Level 5 of the Dungeon
  2947 | D:5      | Noticed Grinder
  2947 | D:5      | Noticed a water moccasin
  2952 | D:5      | 2952 ||| STAIRDANCE
  2960 | D:4      | HP: 8/45 [water moccasin (5)]
  2961 | D:4      | 2961 ||| READING 2 scrolls of teleportation.
  2961 | D:4      | HP: 2/45 [poisoned by a water moccasin]
  2961 | D:4      | Killed a water moccasin
  2962 | D:4      | Reached skill level 6 in Ranged Weapons
  2962 | D:4      | Reached XP level 6. HP: 2/51 MP: 6/6
  2962 | D:4      | Succumbed to a water moccasin's poison

Levels and vault maps discovered:
D:1:      dpeg_arrival_erosion, layout_loops_cross
D:2:      layout_basic, shapermc_ecumenical_altar_gd
D:3:      layout_loops_ring
D:4:      layout_basic, uniq_crazy_yiuf_cottage
D:5:      layout_cave_pools, minitemple, uniq_grinder, uniq_menkaure

Skill      XL: |  1  2  3  4  5 |
---------------+----------------+-----
Ranged Weapons | 3 4 5 6 |  6.3
Fighting       | 2 3 |  3.1
Armour         | 1 |  1.0
Dodging        | |  2.1
Spellcasting   | |  1.0
Hexes          | |  2.0

Action                     |  1- 3 |  4- 6 || total
---------------------------+-------+-------++-------
   Fire: Sling             |   115 |    71 ||   186
    Use: Scroll            |     9 |     5 ||    14
         Potion            |     2 |     1 ||     3
 Armour: Robe              |     8 |       ||     8
         Ring mail         |     2 |    13 ||    15
         Leather armour    |     2 |       ||     2
  Dodge: Dodged            |    25 |    63 ||    88

Table legend:
 A = Non-vault XP
 B = Vault XP
 C = Vault XP percentage of total XP
 D = Non-vault monster count
 E = Vault monster count
 F = Vault count percentage of total count
                 A         B        C        D         E       F
            +---------+---------+-------+---------+---------+-------
      Total |     392 |       0 |   0.0 |      54 |       0 |   0.0
            +---------+---------+-------+---------+---------+-------
        D:1 |      32 |       0 |   0.0 |      15 |       0 |   0.0
        D:2 |      44 |       0 |   0.0 |      10 |       0 |   0.0
        D:3 |      44 |       0 |   0.0 |      17 |       0 |   0.0
        D:4 |     269 |       0 |   0.0 |      11 |       0 |   0.0
        D:5 |       3 |       0 |   0.0 |       1 |       0 |   0.0
            +---------+---------+-------+---------+---------+-------
